 Dungeon Crawl Stone Soup version 0.29-a0-397-g846e4a0bbc (webtiles) character file.

Game seed: 9730862033685733939

242 Bruhh the Ruffian (level 5, 0/40 HPs)
             Began as a Draconian Transmuter on May 11, 2022.
             Killed by divine providence
             ... invoked by an orc priest
              (13 damage)
             ... on level 3 of the Dungeon.
             The game lasted 00:03:59 (2951 turns).

Bruhh the Ruffian (Draconian Transmuter)            Turns: 2951, Time: 00:03:59

Health: 0/40       AC:  6    Str: 13    XL:     5   Next: 81%
Magic:  17/17      EV: 16    Int: 15    God:
Gold:   160        SH:  0    Dex: 16    Spells: 6/9 levels left

rFire   . . .      SeeInvis .     - Unarmed
rCold   . . .      Faith    .   (no shield)
rNeg    . . .      Spirit   .   (body armour unavailable)
rPois   .          Reflect  .   (helmet currently unavailable)
rElec   .          Harm     .   (no cloak)
rCorr   .          Rampage  .   n - +0 pair of gloves of Eternal Vigilance {Dex+5 Slay-3}
Will    .....                   (boots currently unavailable)
Stlth   +.........              (no amulet)
HPRegen 0.13/turn               a - +4 ring of evasion
MPRegen 0.15/turn               g - ring of magical power

@: appendages (expiring), hasted, very quick
A: horns 2, talons 2, AC +5, unfitting armour, cold-blooded
a: End Transformation


You were on level 3 of the Dungeon.
You had temporarily grown beastly horns and talons.
You visited 1 branch of the dungeon, and saw 3 of its levels.

You collected 160 gold pieces.

Inventory:

Missiles
 e - 6 poisoned darts
Armour
 n - the +0 pair of gloves of Eternal Vigilance (worn) {Dex+5 Slay-3}
   (You found it on level 3 of the Dungeon)

   Dex:       It affects your dexterity (+5).
   Slay:      It affects your accuracy & damage with ranged weapons and melee
   (-3).
Jewellery
 a - a +4 ring of evasion (left hand)
 g - a ring of magical power (right hand)
Scrolls
 b - a scroll of immolation {unknown}
 c - 3 scrolls of identify {unknown}
 d - a scroll of blinking {unknown}
 i - a scroll of fear {unknown}
 k - a scroll of vulnerability {unknown}
 l - a scroll of teleportation {unknown}
 m - a scroll of noise {unknown}
Potions
 f - a potion of curing {unknown}
 h - a potion of haste
 j - a potion of might {unknown}


   Skills:
 - Level 1.1 Fighting
 - Level 1.7 Dodging
 - Level 6.0 Unarmed Combat
 + Level 2.6 Spellcasting
 + Level 2.7 Transmutations


You had 6 spell levels left.
You knew the following spells:

 Your Spells              Type           Power      Damage    Failure   Level
a - Beastly Appendage     Tmut           20%        N/A       7%          1
b - Wereblood             Tmut           10%        N/A       10%         2

Your spell library contained the following spells:

 Spells                   Type           Power      Damage    Failure   Level
 Slow                     Hex            4%         N/A       22%         1
 Spider Form              Tmut/Pois      6%         N/A       34%         3
 Ignite Poison            Fire/Tmut/Pois 4%         N/A       41%         3
 Call Canine Familiar     Summ           1%         N/A       54%         3
 Confusing Touch          Hex            1%         N/A       54%         3
 Conjure Flame            Conj/Fire      1%         6-21      54%         3
 Portal Projectile        Hex/Tloc       2%         N/A       54%         3
 Vampiric Draining        Necr           1%         2d6       54%         3
 Ice Form                 Ice/Tmut       6%         N/A       75%         4
 Leda's Liquefaction      Hex/Erth       0%         N/A       91%         4
 Sticky Flame             Conj/Fire      1%         2d3       91%         4


Dungeon Overview and Level Annotations

Branches:
Dungeon (3/15)

Altars:


Innate Abilities, Weirdness & Mutations

You have temporarily grown beastly horns and talons.
Your plain brown scales are hard. (AC +5)
You cannot fit into any form of body armour.
You are cold-blooded and may be slowed by cold attacks.


Message History

Your kick misses the orc priest.
You headbutt the orc priest, but do no damage.
The orc priest closely misses you.
You closely miss the orc priest.
Your tail-slap misses the orc priest.
Your transformation is almost over.
The orc priest hits you but does no damage.
You hit the orc priest but do no damage.
Your kick misses the orc priest. You headbutt the orc priest.
The orc priest is heavily wounded.
The orc priest closely misses you.
An orc priest comes into view. It is wielding a +0 falchion.
You barely miss the orc priest.
The orc priest is heavily wounded.
The orc priest misses you.
The orc priest mumbles some strange prayers to Beogh against you.
Beogh smites you!
You closely miss the orc priest.
The orc priest is heavily wounded.
You hit the orc priest but do no damage.
You headbutt the orc priest.
The orc priest is heavily wounded.
The orc priest hits you with a +0 club.
An orc comes into view. It is wielding a +0 dagger.
You hit the orc priest. You claw the orc priest.
Your headbutt misses the orc priest.
The orc priest is severely wounded.
The orc priest hits you but does no damage.
It was a potion of haste.
You feel yourself speed up. The orc priest hits you with a +0 club.
You barely miss the orc priest. You claw the orc priest.
You headbutt the orc priest.
You kill the orc priest!
You closely miss the orc priest. The orc priest completely misses you.
You barely miss the orc priest. You claw the orc priest.
The orc priest is lightly wounded.
You hit the orc priest. Your punch misses the orc priest.
The orc priest is heavily wounded.
The orc priest invokes the aid of Beogh against you.
Beogh smites you!
You die...

.........#
.........#
.........#
.........#
.........#
###
.........#
#..
.........#
#o#
##.......#
#o#
##.......#
#@#
.........#
#.#
##......##
#.#
##......#
###.#######
#......#
#..†.......
#......#
#.#.#######
########
#.#.# #.#.#
#.#.#


You could see an orc priest and an orc.

Vanquished Creatures
  A scorpion (D:3)
  An orc priest (D:3)
  Terence (D:2)
  Natasha (D:3)
  A gnoll (D:1)
  4 adders
  2 worms (D:2)
  An orc (D:3)
  7 ball pythons
  3 bats
  3 endoplasms
  5 hobgoblins
  2 kobolds
  3 quokkas
  4 frilled lizards
  7 goblins
  6 rats
52 creatures vanquished.

Notes
Turn   | Place    | Note
-------+----------+-------------------------------------------
     0 | D:1      | Bruhh the Draconian Transmuter began the quest for the Orb.
     0 | D:1      | Reached XP level 1. HP: 16/16 MP: 3/3
   397 | D:1      | Reached XP level 2. HP: 23/23 MP: 5/5
   549 | D:1      | Found a faded altar of an unknown god.
   586 | D:1      | Reached skill level 4 in Unarmed Combat
  1109 | D:1      | Reached XP level 3. HP: 28/28 MP: 6/6
  1983 | D:2      | Reached skill level 5 in Unarmed Combat
  1983 | D:2      | Reached XP level 4. HP: 28/35 MP: 7/7
  2314 | D:2      | Noticed Terence
  2326 | D:2      | Killed Terence
  2529 | D:3      | Identified the +0 pair of gloves of Eternal Vigilance
                  | {Dex+5 Slay-3}
  2593 | D:3      | Noticed a scorpion
  2601 | D:3      | Killed a scorpion
  2602 | D:3      | Reached skill level 6 in Unarmed Combat
  2602 | D:3      | Reached XP level 5. HP: 28/40 MP: 8/8
  2709 | D:3      | Learned a level 2 spell: Wereblood
  2821 | D:3      | Noticed Natasha
  2835 | D:3      | Killed Natasha
  2910 | D:3      | Identified the +6 leather armour of Hevvub {rN+ Int+2}
  2951 | D:3      | Killed from afar by an orc priest

Illustrated notes

Levels and vault maps discovered:
D:1:      dpeg_arrival_rooms_c, layout_rooms, basic_ecumenical_altar
D:2:      layout_basic, uniq_terence
D:3:      layout_basic, uniq_natasha, uniq_grinder

Skill      XL: |  1  2  3  4 |
---------------+-------------+-----
Unarmed Combat | 4 5 6 |  6.0
Fighting       | |  1.1
Dodging        | |  1.7
Spellcasting   | |  2.6
Transmutations | |  2.7

Action                   |  1- 3 |  4- 6 || total
-------------------------+-------+-------++-------
Melee: Unarmed           |   102 |    72 ||   174
       Tailslap          |    14 |     7 ||    21
       Punch             |     2 |     1 ||     3
       Kick              |    11 |    11 ||    22
       Headbutt          |     4 |    16 ||    20
 Cast: Beastly Appendage |    14 |    11 ||    25
  Use: Potion            |     1 |     1 ||     2
Armor: Skin              |    24 |    11 ||    35
Dodge: Dodged            |    72 |    50 ||   122

Table legend: (Time is in decaauts)
 A = Elapsed time spent in this place.
 B = Non-inter-level travel time spent in this place.
 C = Inter-level travel time spent in this place.
 D = Time resting spent in this place.
 E = Time spent auto-exploring this place.
 F = Levels seen in this place.
 G = Mean time per level.
                   A        B        C        D        E       F      G
               +--------+--------+--------+--------+--------+-----+--------+
         Total |   2943 |   2901 |     42 |    284 |   2167 |   3 |  981.0 |
       Dungeon |   2943 |   2901 |     42 |    284 |   2167 |   3 |  981.0 |
               +--------+--------+--------+--------+--------+-----+--------+

Top non-repeatable levels by time:
     D:1: 1346 daAuts
     D:2: 1094 daAuts
     D:3: 502 daAuts
